 Dungeon Crawl Stone Soup version 0.31-a0-232-gb1c03b2570 (webtiles) character file.

Game seed: 11222788154993585838

2500506 KimchiStew the Sensei (level 26, 240/240 HPs)
             Began as a Purple Draconian Artificer on July 7, 2023.
             Was the Champion of Wu Jian.
             Escaped with the Orb
             ... and 4 runes!
             The game lasted 01:48:59 (61222 turns).

KimchiStew the Sensei (Purple Draconian Artificer) Turns: 61222, Time: 01:49:00

Health: 240/240    AC: 20    Str: 13      XL:     26   Next: 8%
Magic:  41/41      EV: 32    Int: 26 (27) God:    Wu Jian [******]
Gold:   4830       SH:  0    Dex: 13 (15) Spells: 18/53 levels left

rFire   + . .        R - melded staff of air
rCold   + . .        (shield currently unavailable)
rNeg    + . .        (body armour unavailable)
rPois   ∞            p - melded +2 hat
rElec   +            I - melded +2 cloak of the Thief {*Fog Slay-2 SInv Stlth+}
rCorr   .            B - melded +0 pair of gloves
SInv    +            d - melded +0 pair of boots of Distant Worlds {Regen+ Dex+3}
Will    ++++.        a - amulet of magic regeneration
Stlth   ++           o - ring "Decrimu" {rF+ Int+7}
HPRegen 1.40/turn    X - ring "Gavej" {rC+ rN+ Will+ SInv}
MPRegen 0.67/turn

%: no passive effects
@: storm-form, flying, studying 3 skills
A: cleaving, insubstantial, flying, (breathe power), AC +12, unfitting armour,
(cold-blooded), (cold resistance 1), deterioration 1, regeneration 1, weak 1,
inability to drink after injury 1
0: Orb of Zot
}: 4/15 runes: decaying, serpentine, silver, abyssal
a: Blinkbolt, End Transformation, Renounce Religion, Wall Jump, Serpent's Lash,
Heavenly Storm


You escaped.
You worshipped Wu Jian.
Wu Jian was exalted by your worship.
You were a lightning-filled tempest!
You visited 10 branches of the dungeon, and saw 48 of its levels.
You visited the Abyss 2 times.
You also visited: Trove, Sewer, Bailey, Wizlab and Desolation.

You collected 8590 gold pieces.
You spent 3760 gold pieces at shops.

Inventory:

Missiles
 C - 8 throwing nets
 P - 11 curare-tipped darts
Armour
 d - the +0 pair of boots of Distant Worlds (melded) {Regen+ Dex+3}
   (You found it on level 2 of the Depths)

   Dex:       It affects your dexterity (+3).
   Regen:     It increases your rate of health regeneration.
 p - a +2 hat (melded)
 B - a +0 pair of gloves (melded)
 I - the +2 cloak of the Thief (melded) {*Fog Slay-2 SInv Stlth+}
   (You found it in a wizard's laboratory)

   *Fog:      It may release a thick cloud of smoke when the wearer is hurt.
   Slay:      It affects your accuracy & damage with ranged weapons and melee
   (-2).
   SInv:      It lets you see invisible.
   Stlth:     It makes you more stealthy.
Magical Staves
 R - a staff of air (melded)
Jewellery
 a - an amulet of magic regeneration (around neck)
 e - a +5 ring of evasion
 g - a ring of resist corrosion
 m - a ring of protection from cold
 o - the ring "Decrimu" (left fist) {rF+ Int+7}
   (You found it on level 2 of the Depths)

   [ring of protection from fire]

   Int:       It affects your intelligence (+7).
   rF:        It protects you from fire.
 v - the ring of Pyxzir {rF+ rN++ Will- rCorr SInv}
   (You found it on level 2 of the Depths)

   [ring of protection from fire]

   rF:        It protects you from fire.
   rN:        It greatly protects you from negative energy.
   SInv:      It lets you see invisible.
   rCorr:     It protects you from acid and corrosion.
   Will:      It decreases your willpower.
 X - the ring "Gavej" (right fist) {rC+ rN+ Will+ SInv}
   (You bought it in a shop on level 4 of the Depths)

   [ring of positive energy]

   rC:        It protects you from cold.
   rN:        It protects you from negative energy.
   SInv:      It lets you see invisible.
   Will:      It increases your willpower.
Wands
 c - a wand of charming (104)
 r - a wand of digging (22)
 s - a wand of flame (68)
 u - a wand of iceblast (32)
 D - a wand of polymorph (6)
 T - a wand of quicksilver (49)
 V - a wand of mindburst (23)
Scrolls
 t - 3 scrolls of torment
 x - 8 scrolls of fog
 y - a scroll of vulnerability
 E - 11 scrolls of poison
 G - 7 scrolls of fear
 H - 9 scrolls of immolation
 J - a scroll of enchant armour
 K - 2 scrolls of summoning
 L - 2 scrolls of silence
 N - 27 scrolls of teleportation
 Q - a scroll of amnesia
 Y - 4 scrolls of blinking
Potions
 f - 3 potions of curing
 j - 3 potions of haste
 k - 2 potions of brilliance
 l - 4 potions of lignification
 n - 2 potions of ambrosia
 q - 6 potions of attraction
 w - 3 potions of enlightenment
 A - 3 potions of might
 F - 8 potions of magic
 O - 7 potions of mutation
 S - a potion of invisibility
 W - 4 potions of cancellation
Miscellaneous
 b - a lightning rod (4/4)
 i - a phantom mirror
 z - a phial of floods
 M - a tin of tremorstones (2/2)


   Skills:
 + Level 20.5 Fighting
 - Level 4.0 Short Blades
 - Level 21.0 Dodging
 - Level 10.0 Stealth
 + Level 24.1 Unarmed Combat
 - Level 14.0 Spellcasting
 - Level 9.0 Conjurations
 - Level 6.0 Translocations
 - Level 18.0 Transmutations
 - Level 18.0 Air Magic
 - Level 11.0 Evocations


You had 18 spell levels left.
You knew the following spells:

 Your Spells              Type           Power      Damage    Failure   Level
a - Storm Form            Tmut/Air       42%        N/A       1%          7
b - Lesser Beckoning      Tloc           98%        N/A       1%          2
c - Manifold Assault      Tloc           49%        N/A       2%          4
d - Passwall              Tmut/Erth      50%        N/A       1%          2
e - Blink                 Tloc           98%        N/A       1%          2
f - Passage of Golubria   Tloc           49%        N/A       2%          4
g - Wereblood             Tmut           84%        N/A       0%          2
h - Irradiate             Conj/Tmut      36%        3d23      1%          5
i - Dragon Form           Tmut           42%        N/A       1%          7

Your spell library contained the following spells:

 Spells                   Type           Power      Damage    Failure   Level
 Beastly Appendage        Tmut           100%       N/A       0%          1
 Shock                    Conj/Air       100%       1d9       0%          1
 Swiftness                Air            84%        N/A       0%          3
 Foxfire                  Conj/Fire      100%       2x1d9     1%          1
 Kiss of Death            Conj/Necr      100%       2d13      1%          1
 Cigotuvi's Dreadful Rot  Necr/Pois/Air  98%        N/A       1%          2
 Momentum Strike          Conj/Tloc      100%       3d10      1%          2
 Dazzling Flash           Conj/Hex       82%        N/A       1%          3
 Gell's Gravitas          Tloc           49%        N/A       1%          3
 Hailstorm                Conj/Ice       41%        3d10      1%          3
 Ignite Poison            Fire/Tmut/Pois 49%        N/A       1%          3
 Spider Form              Tmut/Pois      60%        N/A       1%          3
 Stone Arrow              Conj/Erth      82%        3d12      1%          3
 Teleport Other           Tloc           49%        N/A       1%          3
 Airstrike                Air            42%        2d(6-22)  1%          4
 Iskenderun's Mystic Bla  Conj/Tloc      55%        2d12      1%          4
 Petrify                  Tmut/Erth      60%        N/A       1%          4
 Summon Lightning Spire   Summ/Air       60%        N/A       1%          4
 Alistair's Intoxication  Tmut/Pois      40%        N/A       1%          5
 Freezing Cloud           Conj/Ice/Air   30%        6-21      1%          5
 Iskenderun's Battlesphe  Conj           60%        2d11      1%          5
 Silence                  Hex/Air        30%        N/A       1%          5
 Conjure Ball Lightning   Conj/Air       36%        3x3d12    1%          6
 Volatile Blastmotes      Fire/Tloc      66%        2d15      2%          3
 Freeze                   Ice            72%        1d8       3%          1
 Sandblast                Erth           36%        2d10      3%          1
 Summon Small Mammal      Summ           72%        N/A       3%          1
 Scorch                   Fire           36%        2d7       4%          2
 Sublimation of Blood     Necr           18%        N/A       4%          2
 Flame Wave               Conj/Fire      41%        2d11      4%          4
 Fulminant Prism          Conj/Hex       20%        3d12      4%          4
 Sticky Flame             Conj/Fire      41%        2d6       4%          4
 Call Canine Familiar     Summ           18%        N/A       9%          3
 Confusing Touch          Hex            18%        N/A       9%          3
 Frozen Ramparts          Ice            36%        1d6       9%          3
 Inner Flame              Hex/Fire       18%        N/A       9%          3
 Ozocubu's Armour         Ice            18%        N/A       9%          3
 Summon Guardian Golem    Hex/Summ       18%        N/A       9%          3
 Eringya's Noxious Bog    Tmut/Pois      30%        4d6       12%         6
 Plasma Beam              Fire/Air       30%        2x1d43    12%         6
 Statue Form              Tmut/Erth      40%        N/A       12%         6
 Fireball                 Conj/Fire      20%        3d10      13%         5
 Cause Fear               Hex            9%         N/A       30%         4
 Dispel Undead            Necr           18%        3d11      30%         4
 Summon Ice Beast         Ice/Summ       18%        N/A       30%         4
 Dispersal                Tloc           24%        N/A       36%         6
 Orb of Destruction       Conj           30%        9d10      54%         7
 Leda's Unmaking          Conj/Erth      20%        9d4       58%         6
 Starburst                Conj/Fire      20%        6d7       58%         6
 Borgnjor's Vile Clutch   Necr/Erth      9%         N/A       63%         5
 Metabolic Englaciation   Hex/Ice        9%         N/A       63%         5
 Summon Mana Viper        Hex/Summ       18%        N/A       63%         5
 Death Channel            Necr           9%         N/A       99%         6
 Simulacrum               Ice/Necr       9%         N/A       99%         6
 Summon Cactus Giant      Summ           9%         N/A       99%         6
 Spellforged Servitor     Conj/Summ      20%        N/A       99%         7
 Necromutation            Tmut/Necr      30%        N/A       99%         8
 Enfeeble                 Hex            9%         N/A       100%        7
 Monstrous Menagerie      Summ           9%         N/A       100%        7
 Ozocubu's Refrigeration  Ice            9%         4d9       100%        7
 Borgnjor's Revivificati  Necr           9%         N/A       100%        8
 Disjunction              Tloc           24%        N/A       100%        8
 Ignition                 Fire           9%         3d5       100%        8
 Lehudib's Crystal Spear  Conj/Erth      20%        10d6      100%        8
 Death's Door             Necr           9%         N/A       100%        9
 Dragon's Call            Summ           9%         N/A       100%        9
 Polar Vortex             Ice            9%         12d1*     100%        9
 Animate Armour           Summ/Erth      Unusable   N/A       N/A         4

Dungeon Overview and Level Annotations

Branches:
Dungeon (15/15)            Temple (1/1) D:7            Lair (5/5) D:9
  Swamp (4/4) Lair:3        Snake (4/4) Lair:3        Slime (0/5) Lair:4
    Orc (2/2) D:11            Elf (3/3) Orc:2        Vaults (5/5) D:14
  Crypt (0/3) Vaults:2     Depths (4/4) D:15            Zot (5/5) Depths:4
  Sewer (visited)          Bailey (visited)          WizLab (visited)
Desolation (visited)

Altars:
Cheibriados
Elyvilon
Fedhas
Gozag
Kikubaaqudgha
Makhleb
Nemelex Xobeh
Okawaru
Ru
Sif Muna
Trog
Uskayaw
Vehumet
Wu Jian
Yredelemnul
Zin
The Shining One
Jiyva

Shops:
D:6 :   D:8 [   D:9 :   D:10 :   D:11 [   Orc:1 :   Orc:2 **(((   Elf:1 :
Elf:3 ?   Snake:1 *:!?   Snake:3 :   Vaults:1 ?   Vaults:3 [   Vaults:4 [
Depths:3 *   Depths:4 =:=

Portals:
Hell: Lair:5 Depths:1 Depths:2 Depths:3 Depths:4
Abyss: Depths:1 Depths:3
Pandemonium: Depths:2 Depths:3
Ziggurat: Depths:2

Annotations:
D:2 Sigmund
D:6 1 runed translucent door, Crazy Yiuf
D:8 exclusion: oklob plant
D:11 2 transporters, discopopstar's ghost, novice FeSu
Lair:2 3 runed translucent doors, Shym's ghost, journeyman DEHs
Orc:2 2 transporters, jt's ghost, journeyman DjWn
Elf:2 3 runed translucent doors
Zot:2 3 runed translucent doors, Kialluamm's ghost, veteran DrSu


Innate Abilities, Weirdness & Mutations

You are a lightning-filled tempest!
Your electrical attacks strike out in all directions at once.
You are incredibly evasive.
Your insubstantial body is immune to petrification, constriction, and being set on fire You are flying.
You are immune to poison.
Your armour is entirely melded.
You are incapable of wielding weapons or throwing items.
((You can breathe bolts of dispelling energy.))
((Your rich purple scales are hard. (AC +12)))
You cannot fit into any form of body armour.
((You are cold-blooded and may be slowed by cold attacks.))
((Your flesh is cold resistant. (rC+)))
Your body sometimes deteriorates upon taking damage.
Your natural rate of healing is unusually fast.
You are weak. (Str -2)
You occasionally lose the ability to drink potions when taking damage.


Message History

The +2 cloak of the Thief {*Fog Slay-2 SInv Stlth+} unmelds from your body.
Your +2 hat unmelds from your body.
Your +0 pair of gloves unmelds from your body.
The +0 pair of boots of Distant Worlds {Regen+ Dex+3} unmelds from your body.
You see here a +0 club.
A sun demon comes into view.
Casting: Passwall (safe; 1% risk of failure)
Confirm with . or Enter, or press ? or * to list all spells.
Aiming: Passwall (safe; 1% risk of failure)
Press: ? - help, Dir - move target, f - you Please select a wall.
This square is covered in magical glow.
Okay, then.
Casting: Passwall (safe; 1% risk of failure)
Confirm with . or Enter, or press ? or * to list all spells.
You feel a surge of power!
You turn into a lightning-filled tempest!
Your staff of air melds into your body.
The +2 cloak of the Thief {*Fog Slay-2 SInv Stlth+} melds into your body.
Your +2 hat melds into your body.
Your +0 pair of gloves melds into your body.
The +0 pair of boots of Distant Worlds {Regen+ Dex+3} melds into your body.
You lunge at the sun demon, in a flurry of attacks.
You blast the sun demon!!!
You punch the sun demon!
The sun demon is almost dead.
You batter the sun demon!!
You kill the sun demon!
The Council accepts your kill.
No target in view!
Casting: Storm Form (mildly dangerous; 1% risk of failure)
Confirm with . or Enter, or press ? or * to list all spells.
Aiming: Passwall (safe; 1% risk of failure)
Press: ? - help, Dir - move target A rock wall.
This square is covered in magical glow.
You begin to meditate on the wall.
You continue meditating on the rock. x2
Magic restored.
You finish merging with the rock.
There is a staircase leading out of the dungeon here.
You have escaped!

##### ######.v.######
###.............###
####.................###
#..'.................+.#
#.##.................#.##
#.####.............###..#####
#.# ###.........### ##......
##.# ###.....### ##.####.
##..# ###..(......### #..# ##


There were no monsters in sight!

Vanquished Creatures
  A dread lich (Zot:5)
  3 ancient liches
  4 orbs of fire (Zot:5)
  A pandemonium lord (Depths:3)
  6 Killer Klowns (Zot:5)
  the Lernaean hydra (Swamp:4)
  2 curse toes
  Margery (Vaults:4)
  14 golden dragons
  A bone dragon (Abyss:2)
  A Brimstone Fiend (Zot:5)
  2 electric golems (Zot:5)
  Rupert (D:14)
  5 tentacled monstrosities
  A Hell Sentinel (Depths:2)
  2 hellephants (Abyss:5)
  2 titans (Vaults:5)
  25 Orb Guardians
  2 deep elf blademasters (Elf:3)
  5 liches
  2 deep elf master archers (Elf:3)
  2 quicksilver dragons
  Gastronok (D:10)
  A sphinx (Vaults:5)
  3 death cobs
  Frances (Swamp:2)
  8 tengu reavers
  3 tentacled starspawn (Abyss:2)
  The ghost of Guam the Warrior, an adept HOMo of Beogh (Depths:2)
  Kirke (Swamp:4)
  12 shadow dragons
  9 storm dragons
  Donald (Vaults:3)
  3 nagarajas
  The ghost of Vruhak the Warrior, an adept DsFi of Nemelex Xobeh (Swamp:4)
  6 draconian monks
  The ghost of Vorhees the Eclecticist, an adept DjEn of Gozag (Snake:3)
  A fenstrider witch (Swamp:2)
  15 fire giants
  A daeva (D:8)
  20 vault wardens
  Louise (Snake:1)
  An imperial myrmidon (Desolation)
  4 draconian knights
  9 frost giants
  8 draconian scorchers
  4 iron dragons
  Aizul (Snake:2)
  7 deep elf sorcerers
  3 ghost moths
  A balrug (Abyss:5)
  3 angels
  A curse skull (Depths:2)
  11 draconian shifters
  2 spriggan defenders (Depths:3)
  6 draconian annihilators
  3 war gargoyles
  3 deep elf elementalists (Elf:3)
  26 ironbound preservers
  37 very ugly things
  3 draconian stormcallers
  2 formless jellyfish
  4 vampire knights
  5 ironbound thunderhulks
  13 stone giants
  10 black draconians
  6 eleionomae
  7 green draconians
  6 deep elf demonologists
  5 dire elephants
  A lorocyproca (D:14)
  3 halazid warlocks (Desolation)
  4 white draconians
  4 bunyips
  6 red draconians
  10 spark wasps
  14 yellow draconians
  5 purple draconians
  11 deep elf annihilators
  9 deep elf death magi
  Josephine (D:10)
  2 jiangshi (Depths:2)
  11 ettins
  Snorg (Orc:1)
  An entropy weaver (Vaults:1)
  5 fire dragons
  11 yaktaur captains
  7 great orbs of eyes
  4 ragged hierophants (Desolation)
  5 deep elf high priests
  4 servants of whispers (Desolation)
  29 vault guards
  2 hell beasts
  A shambling mangrove (Swamp:3)
  12 ice dragons
  7 peacekeepers (Desolation)
  An ogre mage (Vaults:5)
  A ghost crab (Swamp:1)
  22 hydras
  Harold (Lair:2)
  6 salamander tyrants
  9 boulder beetles
  13 centaur warriors
  3 rakshasas
  5 spriggan air magi
  2 death knights (D:15)
  Erica (D:10)
  13 anacondas
  7 ironbound frosthearts
  6 death yaks
  7 two-headed ogres
  4 tengu warriors
  A spriggan skeleton (Depths:1)
  6 deep troll shamans
  A catoblepas (D:13)
  11 naga warriors
  14 dancing weapons
  8 deep troll earth magi
  13 alligators
  5 hell hogs
  A satyr (shapeshifter) (Depths:4)
  6 shock serpents
  7 spriggan berserkers
  2 demonic crawlers (Elf:3)
  6 orc high priests (Orc:2)
  24 hell knights
  3 vampire magi
  3 thrashing horrors
  12 naga sharpshooters
  Urug (Lair:1)
  9 soul eaters
  Nergalle (D:10)
  14 spriggans
  Sonja (D:12)
  8 sun demons
  10 deep elf knights
  2 wretched stars
  2 skysharks (Lair:5)
  3 sixfirhies
  2 skeletal warriors
  9 iron trolls
  2 spatial maelstroms (Abyss:5)
  9 salamander mystics
  5 goliath frogs
  4 spriggan druids
  82 deep trolls
  A shadow demon (Depths:3)
  An obsidian statue (WizLab)
  6 phantasmal warriors
  An anaconda skeleton (WizLab)
  4 wizards
  8 harpies
  4 naga ritualists
  9 swamp dragons
  14 deep elf archers
  22 ironbound convokers
  3 glowing orange brains
  9 necromancers
  5 lindwurms
  7 bog bodies
  Pikel (D:6)
  37 deep elf pyromancers
  30 deep elf zephyrmancers
  2 human zombies
  6 mana vipers
  4 orc sorcerers
  3 worldbinders (Abyss:2)
  6 orc knights
  32 ugly things
  An iron dragon zombie (Depths:1)
  A fire giant zombie (Depths:1)
  6 manticores
  A manticore (shapeshifter) (Depths:3)
  2 moths of wrath (shapeshifter)
  16 salamanders
  3 centaur zombies (D:15)
  7 elephants
  4 cyclopes
  5 will-o-the-wisps
  9 moths of wrath
  2 guardian serpents (shapeshifter)
  3 apocalypse crabs
  18 vault sentinels
  34 black mambas
  11 guardian serpents
  20 cane toads
  12 naga magi
  4 molten gargoyles (Desolation)
  6 gargoyles
  8 smoke demons
  2 unseen horrors
  A tormentor (D:4)
  5 orange demons
  4 rime drakes
  A hellion (D:8)
  30 yaktaurs
  6 komodo dragons
  3 efreet
  4 kobold demonologists
  2 freezing wraiths
  An ancient zyme (WizLab)
  7 tengu conjurers
  5 ice devils
  9 trolls
  4 hellwings
  3 red devils
  3 meliai (D:14)
  A silent spectre (Depths:2)
  2 polar bears
  A meliai (shapeshifter) (Depths:4)
  10 tyrant leeches
  14 hornets
  A wolf spider simulacrum (D:15)
  3 human skeletons
  7 large abominations
  A tarantella (Vaults:1)
  A tarantella (shapeshifter) (Vaults:5)
  23 blink frogs
  A dream sheep (Lair:5)
  41 saltlings (Desolation)
  An ettin zombie (Vaults:2)
  31 slime creatures
  A raiju (Abyss:2)
  A shadow (Abyss:5)
  4 vampires
  2 hogs (Swamp:4)
  5 air elementals
  60 yaks
  9 water elementals
  4 wraiths (D:10)
  3 ynoxinuls
  14 fire elementals
  6 wyverns
  A human (Depths:2)
  3 steam dragons
  3 vampire mosquitoes
  Grum (Lair:1)
  19 starcursed masses
  4 basilisks
  2 redbacks (Vaults:1)
  Menkaure (D:6)
  20 swamp worms
  2 chaos spawn (Depths:3)
  A harpy simulacrum (Abyss:5)
  15 spatial vortices
  3 acid dragons
  39 nagas
  4 wargs
  4 hell hounds (Lair:5)
  14 water moccasins
  2 floating eyes
  3 ice beasts
  9 swamp drakes
  Pargi (Sewer)
  42 orc warriors
  2 sky beasts
  A black bear (shapeshifter) (Elf:2)
  6 ogres
  2 black bears
  13 small abominations
  An ettin simulacrum (Vaults:2)
  14 wolves
  15 centaurs
  3 phantoms
  A lemure (D:5)
  A kobold brigand (D:13)
  12 bullfrogs
  8 earth elementals
  10 wights
  2 gnoll sergeants
  2 troll zombies (D:11)
  15 killer bees
  4 howler monkeys
  2 electric eels
  5 jellies
  A quasit (Abyss:2)
  5 hounds
  26 orc priests
  5 iguanas
  A gnoll bouda (D:6)
  An iron imp (Abyss:2)
  A sleepcap (D:8)
  12 orc wizards
  4 hell rats (Lair:5)
  4 ogre zombies (D:11)
  2 centaur simulacra (D:9)
  16 gnolls
  8 adders
  A shadow imp (D:6)
  3 white imps
  An ufetubus (Abyss:2)
  A worm (D:3)
  2 dart slugs
  66 orcs
  10 bats
  7 endoplasms
  4 giant cockroaches
  7 goblins
  8 hobgoblins
  5 quokkas
  9 ball pythons
  8 frilled lizards
  2 hobgoblin zombies (D:11)
  7 kobolds
  4 orc skeletons (D:11)
  12 orc zombies (D:11)
  15 rats
  A lurking horror (WizLab)
  5 starspawn tentacles (Abyss:2)
2224 creatures vanquished.

Vanquished Creatures (collateral kills)
  A hound (D:6)
  An iguana (D:6)
2 creatures vanquished.

Vanquished Creatures (others)
  An eldritch tentacle (WizLab)
  A deep elf zephyrmancer (Elf:1)
  2 bloated husks
  A shadow (D:11)
  A water elemental (Elf:2)
  An acid dragon (D:11)
  A centaur (D:6)
  8 foxfires
  8 starspawn tentacles
24 creatures vanquished.

Grand Total: 2250 creatures vanquished

Notes
Turn   | Place    | Note
-------+----------+-------------------------------------------
     0 | D:1      | KimchiStew the Draconian Artificer began the quest for the
                  | Orb.
     0 | D:1      | Reached XP level 1. HP: 16/16 MP: 1/1
    64 | D:1      | Found a faded altar of an unknown god.
   128 | D:1      | Reached skill level 1 in Stealth
   316 | D:1      | Reached XP level 2. HP: 16/23 MP: 2/2
   394 | D:1      | You fall into a shaft and drop 1 floor!
   927 | D:2      | Reached XP level 3. HP: 28/28 MP: 3/3
  1129 | D:2      | Noticed Sigmund
  1157 | D:2      | Reached skill level 1 in Short Blades
  1170 | D:2      | Reached XP level 4. HP: 36/36 MP: 4/4
  1902 | D:3      | Found a snail-covered altar of Cheibriados.
  1923 | D:3      | Found a bloodstained altar of Trog.
  1923 | D:3      | Found an opulent altar of Gozag.
  2131 | D:3      | Noticed an ice beast
  2142 | D:3      | Killed an ice beast
  2143 | D:3      | Reached skill level 1 in Spellcasting
  2143 | D:3      | Reached XP level 5. HP: 35/45 MP: 4/6
  2742 | D:4      | Reached XP level 6. HP: 49/51 MP: 7/7
  2758 | D:4      | Found a glowing drain.
  2778 | Sewer    | Entered a sewer
  2821 | Sewer    | Noticed Pargi
  2830 | Sewer    | Killed Pargi
  3487 | D:4      | Your scales start taking on a rich purple colour.
  3487 | D:4      | Reached XP level 7. HP: 54/58 MP: 10/10
  3762 | D:5      | Entered Level 5 of the Dungeon
  3897 | D:5      | Found a glowing silver altar of Zin.
  4623 | D:6      | Noticed Pikel
  4825 | D:6      | Killed Pikel
  4826 | D:6      | Reached skill level 5 in Spellcasting
  4826 | D:6      | Reached XP level 8. HP: 24/66 MP: 13/16
  5645 | D:6      | Learned a level 7 spell: Dragon Form
  5721 | D:6      | Reached skill level 1 in Unarmed Combat
  5821 | D:6      | Reached XP level 9. HP: 56/68 MP: 18/18
  5824 | D:6      | Noticed Menkaure
  5834 | D:6      | Gained mutation: You are vulnerable to cold. (rC-) [potion
                  | of mutation]
  5834 | D:6      | Gained mutation: Your body sometimes deteriorates upon
                  | taking damage. [potion of mutation]
  5834 | D:6      | Gained mutation: Your tail ends in a venomous barb. [potion
                  | of mutation]
  5834 | D:6      | Gained mutation: Your tail ends in a sharp venomous barb.
                  | [potion of mutation]
  5856 | D:6      | Found Huijudoh's Book Boutique.
  6439 | D:6      | Reached skill level 2 in Unarmed Combat
  6796 | D:6      | Killed Menkaure
  6822 | D:6      | Found a runed translucent door.
  6823 | D:6      | Noticed Crazy Yiuf
  7074 | D:7      | Reached skill level 5 in Fighting
  7154 | D:7      | Reached skill level 3 in Unarmed Combat
  7541 | D:7      | Found a staircase to the Ecumenical Temple.
  7614 | D:7      | Found the +8 trident of the Octopus King {venom, rElec
                  | rPois}
  7707 | Temple   | Entered the Ecumenical Temple
  7750 | Temple   | Became a worshipper of the Wu Jian Council
  7814 | D:7      | Found a white marble altar of Elyvilon.
  8016 | D:8      | Noticed a +0 short sword
  8017 | D:8      | Noticed a +0 dagger
  8017 | D:8      | Noticed a +0 dagger
  8017 | D:8      | Noticed a +0 falchion
  8018 | D:8      | Noticed a +0 spear
  8018 | D:8      | Noticed a +0 falchion
  8019 | D:8      | Noticed a +0 spear
  8027 | D:8      | Noticed a +0 short sword
  8055 | D:8      | Reached skill level 4 in Unarmed Combat
  8055 | D:8      | Found Unloyxeh's Antique Armour Shop.
  8117 | D:8      | Bought a glowing hat for 203 gold pieces
  8149 | D:8      | Found a hide-covered altar of Uskayaw.
  8280 | D:8      | Noticed a two-headed ogre
  8293 | D:8      | Killed a two-headed ogre
  8294 | D:8      | Reached XP level 10. HP: 52/84 MP: 21/21
  8836 | D:8      | Reached skill level 5 in Unarmed Combat
  9076 | D:8      | Found a blossoming altar of Fedhas.
  9089 | D:8      | Noticed an oklob plant
  9411 | D:9      | Reached * piety under Wu Jian
  9796 | D:9      | Found Qugh's Book Shop.
  9828 | D:9      | Found a staircase to the Lair.
  9836 | D:9      | Identified the +2 leather armour "Mocagioq" {Dex+2}
  9886 | D:9      | Noticed a two-headed ogre
  9898 | D:9      | Killed a two-headed ogre
  9899 | D:9      | Reached skill level 6 in Unarmed Combat
  9909 | D:9      | Reached skill level 10 in Transmutations
  9962 | D:9      | Noticed a two-headed ogre
  9968 | D:9      | Noticed a death yak
  9972 | D:9      | Killed a two-headed ogre
  9987 | D:9      | Killed a death yak
  9988 | D:9      | Reached skill level 7 in Unarmed Combat
  9988 | D:9      | Reached XP level 11. HP: 73/94 MP: 23/23
 10978 | D:10     | Entered Level 10 of the Dungeon
 11049 | D:10     | Found Not Irphi's Book Shop.
 11049 | D:10     | Noticed Josephine
 11084 | D:10     | Killed Josephine
 11183 | D:10     | Found a flagged portal.
 11317 | Bailey   | Entered a bailey
 11423 | Bailey   | Reached ** piety under Wu Jian
 11781 | D:10     | Noticed Nergalle
 11791 | D:10     | Gained mutation: Your tail ends in a wickedly sharp and
                  | venomous barb. [mutagenic glow]
 11793 | D:10     | Killed Nergalle
 11805 | D:10     | Gained mutation: You occasionally shout uncontrollably at
                  | your foes. [mutagenic glow]
 11822 | D:10     | Noticed a two-headed ogre
 11823 | D:10     | Gained mutation: Your magical capacity is low. (-10% MP)
                  | [mutagenic glow]
 11842 | D:10     | Gained mutation: Your spells are a little easier to cast,
                  | but a little less powerful. [mutagenic glow]
 11858 | D:10     | Gained mutation: You are weak. (Str -2) [mutagenic glow]
 11888 | D:10     | Killed a two-headed ogre
 11962 | D:10     | Noticed Gastronok
 12020 | D:10     | Killed Gastronok
 12356 | D:10     | Noticed Erica
 12379 | D:10     | Killed Erica
 12770 | D:11     | Reached XP level 12. HP: 101/101 MP: 14/21
 12787 | D:11     | Found a transporter.
 12790 | D:11     | Found a transporter.
 12790 | D:11     | Noticed a two-headed ogre
 13100 | D:11     | Found a staircase to the Orcish Mines.
 13132 | D:11     | Reached *** piety under Wu Jian
 13280 | D:11     | Found a bloodstained altar of Trog.
 13296 | D:11     | Noticed a tengu warrior
 13296 | D:11     | Noticed a two-headed ogre
 13299 | D:11     | Noticed discopopstar's ghost (novice FeSu)
 13429 | D:11     | Found Ysuxkeumi's Armour Shoppe.
 13434 | D:11     | Noticed a boulder beetle
 13449 | D:11     | Killed a boulder beetle
 13450 | D:11     | Reached skill level 15 in Transmutations
 13453 | D:11     | Learned a level 2 spell: Lesser Beckoning
 13463 | D:11     | Learned a level 9 spell: Dragon's Call
 13983 | Lair:1   | Entered Level 1 of the Lair of Beasts
 14171 | Lair:1   | Reached skill level 1 in Translocations
 14185 | Lair:1   | Identified the amulet "Wuess" {Acrobat +Blink rPois rC-
                  | Slay+5}
 14363 | Lair:1   | Reached **** piety under Wu Jian
 14541 | Lair:1   | Noticed Urug
 14550 | Lair:1   | Killed Urug
 14600 | Lair:1   | Noticed Grum
 14608 | Lair:1   | Killed Grum
 15566 | Lair:2   | Reached skill level 5 in Evocations
 15728 | Lair:2   | Found a runed translucent gate.
 15728 | Lair:2   | Found a runed translucent gate.
 15728 | Lair:2   | Found a runed translucent gate.
 15728 | Lair:2   | Noticed a minotaur
 15728 | Lair:2   | Noticed Shym's ghost (journeyman DEHs)
 15731 | Lair:2   | Reached skill level 8 in Unarmed Combat
 15737 | Lair:2   | Reached XP level 13. HP: 111/111 MP: 17/23
 15836 | Lair:2   | Noticed Harold
 15841 | Lair:2   | Killed Harold
 16438 | Lair:3   | You fall into a shaft and drop 2 floors!
 16438 | Lair:5   | Entered Level 5 of the Lair of Beasts
 16479 | Lair:5   | Identified the +7 orcbow "Qunlea" {flame, Contam rPois
                  | Will- rCorr}
 16598 | Lair:5   | Reached ***** piety under Wu Jian
 16659 | Lair:4   | Identified the +5 rapier "Hachoimm" {flame, rN+ Int+3}
 16763 | Lair:3   | Found a staircase to the Snake Pit.
 16980 | Lair:3   | Reached skill level 5 in Translocations
 17071 | Lair:3   | Reached skill level 10 in Spellcasting
 17330 | Lair:3   | Reached skill level 10 in Fighting
 17361 | Lair:3   | Found a staircase to the Swamp.
 17673 | Lair:4   | Found a staircase to the Slime Pits.
 17673 | Lair:4   | Found a viscous altar of Jiyva.
 17698 | Lair:4   | Reached skill level 9 in Unarmed Combat
 18537 | Lair:5   | Reached XP level 14. HP: 122/122 MP: 17/25
 18674 | Lair:5   | Found a burning altar of Makhleb.
 18840 | Lair:5   | Found a gateway to Hell.
 19973 | Lair:4   | Lost mutation: Your body sometimes deteriorates upon taking
                  | damage. [potion of mutation]
 19973 | Lair:4   | Lost mutation: You occasionally shout uncontrollably at
                  | your foes. [potion of mutation]
 19973 | Lair:4   | Lost mutation: You are vulnerable to cold. (rC-) [potion of
                  | mutation]
 19973 | Lair:4   | Lost mutation: Your magical capacity is low. (-10% MP)
                  | [potion of mutation]
 20157 | Orc:1    | Entered Level 1 of the Orcish Mines
 20180 | Orc:1    | Gained mutation: You are very weak. (Str -4) [mutagenic
                  | glow]
 20244 | Orc:1    | Found Gekeysh's Book Boutique.
 20748 | Orc:1    | Noticed Snorg
 20754 | Orc:1    | Killed Snorg
 21233 | Orc:2    | Entered Level 2 of the Orcish Mines
 21233 | Orc:2    | Found Ugropsiy's Assorted Antiques.
 21247 | Orc:2    | Bought 2 scrolls of identify for 84 gold pieces
 21247 | Orc:2    | Bought a scroll of fear for 84 gold pieces
 21247 | Orc:2    | Bought a scroll labelled DURUSH LYCWA for 21 gold pieces
 21247 | Orc:2    | Bought a scroll labelled EQEFISK UZIJE for 21 gold pieces
 21247 | Orc:2    | Bought a scroll of teleportation for 63 gold pieces
 21247 | Orc:2    | Bought a potion of haste for 210 gold pieces
 21258 | Orc:2    | Reached skill level 10 in Unarmed Combat
 21297 | Orc:2    | Found a transporter.
 21302 | Orc:2    | Noticed jt's ghost (journeyman DjWn)
 21540 | Orc:2    | Found a staircase to the Elven Halls.
 21720 | Orc:2    | Found a transporter.
 21890 | Orc:2    | Found Dyaw Edderch's General Store.
 21890 | Orc:2    | Found Utyohoes's Weapon Shoppe.
 21891 | Orc:2    | Found Weriv's Antique Weapon Shoppe.
 21891 | Orc:2    | Found Kimivou's Weapon Emporium.
 21900 | Orc:2    | Bought a potion of mutation for 104 gold pieces
 21900 | Orc:2    | Bought a scroll of teleportation for 39 gold pieces
 22228 | D:12     | Noticed Sonja
 22235 | D:12     | Killed Sonja
 22693 | D:12     | Paralysed by a floating eye for 3 turns
 22699 | D:12     | Reached XP level 15. HP: 132/132 MP: 28/30
 23430 | D:13     | Reached skill level 11 in Unarmed Combat
 23667 | D:13     | Learned a level 2 spell: Passwall
 24356 | D:14     | Noticed Rupert
 24373 | D:14     | Killed Rupert
 24374 | D:14     | Reached skill level 10 in Evocations
 24892 | D:14     | Found a gate to the Vaults.
 25027 | D:14     | Found an iron altar of Okawaru.
 25194 | D:15     | Entered Level 15 of the Dungeon
 25769 | D:14     | Learned a level 4 spell: Manifold Assault
 25774 | D:14     | Learned a level 4 spell: Passage of Golubria
 26272 | D:15     | Found a staircase to the Depths.
 26285 | D:15     | Reached skill level 12 in Unarmed Combat
 27456 | Snake:1  | Entered Level 1 of the Snake Pit
 27495 | Snake:1  | Reached ****** piety under Wu Jian
 27643 | Snake:1  | Reached XP level 16. HP: 144/144 MP: 22/33
 27712 | Snake:1  | Noticed Louise
 27734 | Snake:1  | Killed Louise
 28014 | Snake:1  | Found Xittor's Distillery.
 28016 | Snake:1  | Found Axtoe's Magic Scroll Shoppe.
 28016 | Snake:1  | Found Girchiffuadgh's General Store.
 28024 | Snake:1  | Found Ekigoxzi's Book Emporium.
 28029 | Snake:1  | Bought a potion of magic for 120 gold pieces
 28035 | Snake:1  | Bought a scroll of teleportation for 57 gold pieces
 28035 | Snake:1  | Bought a scroll of teleportation for 57 gold pieces
 28038 | Snake:1  | Bought a potion of mutation for 128 gold pieces
 28038 | Snake:1  | Bought a potion of mutation for 128 gold pieces
 28038 | Snake:1  | Lost mutation: Your tail ends in a wickedly sharp and
                  | venomous barb. [potion of mutation]
 28038 | Snake:1  | Lost mutation: Your tail ends in a sharp venomous barb.
                  | [potion of mutation]
 28038 | Snake:1  | Lost mutation: Your spells are a little easier to cast, but
                  | a little less powerful. [potion of mutation]
 28038 | Snake:1  | Gained mutation: You are covered in fur. (AC +1) [potion of
                  | mutation]
 28039 | Snake:1  | Lost mutation: You are covered in fur. (AC +1) [potion of
                  | mutation]
 28039 | Snake:1  | Lost mutation: You are very weak. (Str -4) [potion of
                  | mutation]
 28039 | Snake:1  | Lost mutation: Your tail ends in a venomous barb. [potion
                  | of mutation]
 28039 | Snake:1  | Gained mutation: Your natural rate of healing is unusually
                  | fast. [potion of mutation]
 28039 | Snake:1  | Gained mutation: Your mind is acute. (Int +4, Str/Dex -1)
                  | [potion of mutation]
 29302 | Snake:2  | Acquired 541 gold pieces
 29333 | Snake:2  | Noticed Aizul
 29343 | Snake:2  | Killed Aizul
 30005 | Snake:3  | Reached skill level 5 in Dodging
 30013 | Snake:3  | Reached skill level 13 in Unarmed Combat
 30438 | Snake:3  | Found a runed translucent door.
 30442 | Snake:3  | Noticed Vorhees's ghost (adept DjEn)
 30655 | Snake:3  | Killed Vorhees's ghost
 30915 | Snake:3  | Found Unitimu's Book Emporium.
 31170 | D:6      | Bought a book of Changes for 234 gold pieces
 31170 | D:6      | Bought a book of Alchemy for 364 gold pieces
 31322 | Orc:1    | Bought the Secrets of Transmigration for 644 gold pieces
 31325 | Orc:1    | Learned a level 2 spell: Wereblood
 31331 | Orc:1    | Learned a level 5 spell: Irradiate
 31339 | Orc:1    | Learned a level 7 spell: Storm Form
 31685 | Snake:4  | Entered Level 4 of the Snake Pit
 31820 | Snake:4  | Reached skill level 1 in Air Magic
 31823 | Snake:4  | Reached skill level 1 in Conjurations
 32131 | Snake:4  | Reached XP level 17. HP: 100/152 MP: 31/35
 32796 | Snake:4  | Got a serpentine rune of Zot
 33111 | Swamp:1  | Entered Level 1 of the Swamp
 33263 | Swamp:1  | Reached skill level 14 in Unarmed Combat
 33685 | Swamp:2  | You are sucked into a shaft and drop 1 floor!
 34030 | Swamp:3  | Reached skill level 5 in Conjurations
 34076 | Swamp:3  | Reached skill level 5 in Air Magic
 34887 | Swamp:2  | Noticed Frances
 35001 | Swamp:2  | Killed Frances
 35495 | Swamp:4  | Entered Level 4 of the Swamp
 35519 | Swamp:4  | Reached XP level 18. HP: 160/160 MP: 32/36
 35625 | Swamp:4  | Noticed Kirke
 35634 | Swamp:4  | Killed Kirke
 35841 | Swamp:4  | Noticed the 27-headed Lernaean hydra
 35848 | Swamp:4  | Killed the 26-headed Lernaean hydra
 36116 | Swamp:4  | Got a decaying rune of Zot
 36311 | Swamp:4  | Found a large runed translucent door.
 36311 | Swamp:4  | Found a large runed translucent door.
 36384 | Swamp:4  | Noticed Vruhak's ghost (adept DsFi)
 36545 | Swamp:4  | Killed Vruhak's ghost
 36900 | Vaults:1 | Entered Level 1 of the Vaults
 37029 | Vaults:1 | Reached skill level 15 in Unarmed Combat
 37812 | Vaults:1 | Found Icamagor's Magic Scroll Boutique.
 37823 | Vaults:1 | Bought a scroll of teleportation for 39 gold pieces
 37935 | Vaults:1 | Identified the +2 chain mail of the Hot Ocelot {Will+}
 38581 | Vaults:1 | Reached XP level 19. HP: 167/167 MP: 30/37
 38704 | Vaults:2 | Reached skill level 10 in Dodging
 38825 | Vaults:2 | Found a staircase to the Crypt.
 39111 | Vaults:2 | Identified the +3 kite shield of Calculation {*Corrode
                  | Dex+5}
 39161 | Vaults:2 | Paralysed by a formless jellyfish for 1 turns
 39562 | Vaults:2 | Reached skill level 16 in Unarmed Combat
 40453 | Vaults:3 | Found Dephyci's Antique Armour Shoppe.
 40785 | Vaults:3 | Reached skill level 10 in Air Magic
 40785 | Vaults:3 | Identified the +1 scimitar of Uncertain Death {drain, *Slow
                  | Fly Dex+4}
 41038 | Vaults:3 | Noticed Donald
 41049 | Vaults:3 | Killed Donald
 41853 | Vaults:4 | Found Senuilumn's Antique Armour Emporium.
 41886 | Vaults:4 | Found a magical portal.
 41895 | WizLab   | Entered The Roulette of Golubria
 41895 | WizLab   | Found a transporter.
 41898 | WizLab   | Found a corrupted altar of Lugonu.
 41915 | WizLab   | Found a transporter.
 41974 | WizLab   | Found a transporter.
 41995 | WizLab   | Found a transporter.
 42053 | WizLab   | Found a corrupted altar of Lugonu.
 42053 | WizLab   | Found a transporter.
 42096 | WizLab   | Found a transporter.
 42103 | WizLab   | Found a transporter.
 42108 | WizLab   | Found a corrupted altar of Lugonu.
 42192 | WizLab   | Found a transporter.
 42247 | WizLab   | Found a transporter.
 42247 | WizLab   | Found a transporter.
 42250 | WizLab   | Got the Anthology of the New World
 42331 | WizLab   | Found a transporter.
 42331 | WizLab   | Found a transporter.
 42363 | WizLab   | Found a transporter.
 42363 | WizLab   | Found a transporter.
 42390 | WizLab   | Found a transporter.
 42498 | WizLab   | Found the +1 cloak of Starlight {*Dazzle EV+4 Stlth--}
 42498 | WizLab   | Found the +2 cloak of the Thief {*Fog Slay-2 SInv Stlth+}
 42500 | WizLab   | Found a transporter.
 42584 | WizLab   | Identified the +0 cloak of the Ladybird {Dex+5}
 42759 | WizLab   | Found a transporter.
 42759 | WizLab   | Found a transporter.
 42919 | Vaults:4 | Reached skill level 17 in Unarmed Combat
 43046 | Vaults:4 | Reached XP level 20. HP: 174/174 MP: 33/38
 43078 | Vaults:4 | Noticed Margery
 43085 | Vaults:4 | Killed Margery
 44186 | Vaults:4 | Learned a level 2 spell: Blink
 44441 | Elf:1    | Entered Level 1 of the Elven Halls
 44697 | Elf:1    | Found a crumbling gateway.
 44704 | Elf:1    | Found a glowing golden altar of the Shining One.
 44704 | Elf:1    | Found a white marble altar of Elyvilon.
 44704 | Elf:1    | Found a glowing silver altar of Zin.
 44822 | Desolati | Entered the Desolation of Salt
 44929 | Desolati | Got Dispater's Tome of the Telluric Impact
 44931 | Desolati | Got Sif Muna's Atlas of Blazing Anathema
 45042 | Desolati | Found the +8 lance "Wyrmbane" {slay drac, rPois rF+ rC+
                  | AC+3}
 45059 | Desolati | Identified the amulet "Joqi" {RegenMP Harm rElec rN++
                  | Dex+3}
 45072 | Desolati | Got the Octavo of Allies
 45074 | Desolati | Got the Treatise on Battle Magic and Bedrock
 45507 | Desolati | Reached skill level 18 in Unarmed Combat
 45810 | Elf:1    | Found Ycegaxad's Book Shoppe.
 46105 | Elf:1    | Got Xamug's Quarto of Percussion and the Gathering
 46331 | Elf:1    | Paralysed by an air elemental for 1 turns
 46345 | Elf:1    | Identified the ring of the Death Scarab {Fly Dex+2}
 46719 | Elf:2    | Reached XP level 21. HP: 164/181 MP: 30/39
 47128 | Elf:2    | Identified the +11 quarterstaff of the Vaults {heavy, rF+
                  | Str+3}
 47189 | Elf:2    | Found a runed translucent gate.
 47189 | Elf:2    | Found a runed translucent gate.
 47191 | Elf:2    | Found a runed translucent gate.
 47249 | Elf:3    | Entered Level 3 of the Elven Halls
 47596 | Elf:3    | Found Duipe's Magic Scroll Shoppe.
 47605 | Elf:3    | Bought a scroll of teleportation for 42 gold pieces
 47605 | Elf:3    | Bought a scroll of teleportation for 42 gold pieces
 47605 | Elf:3    | Bought a scroll of immolation for 56 gold pieces
 47605 | Elf:3    | Bought a scroll of immolation for 56 gold pieces
 47605 | Elf:3    | Bought a scroll of fear for 56 gold pieces
 48029 | Elf:3    | Gained mutation: Your flesh is cold resistant. (rC+)
                  | [mutagenic glow]
 48121 | Elf:3    | Reached skill level 19 in Unarmed Combat
 48190 | Elf:3    | Identified the staff of the Boiling Point {rC+ rCorr Dex+4
                  | Ice}
 48223 | Elf:3    | Got the Treatise on Solid Snow
 48239 | Elf:3    | Got Lom Lobon's Treatise on Windy Confrontation
 48257 | Elf:3    | Identified the +3 whip of the Charming Dove {flame, Stlth+}
 48314 | Elf:3    | Identified the +7 short sword of Past Mistakes {antimagic,
                  | *Noise rC+ Dex+2}
 48599 | Depths:1 | Entered Level 1 of the Depths
 48688 | Depths:1 | Found a one-way gate to the infinite horrors of the Abyss.
 48996 | Depths:1 | Found a portal to a secret trove of treasure.
 49169 | Depths:1 | Voluntarily entered the Abyss.
 49231 | Abyss:2  | Found a corrupted altar of Lugonu.
 49237 | Abyss:2  | Found a corrupted altar of Lugonu.
 49246 | Abyss:2  | Found a corrupted altar of Lugonu.
 49257 | Abyss:2  | Found a corrupted altar of Lugonu.
 49383 | Abyss:2  | Found a corrupted altar of Lugonu.
 49406 | Abyss:2  | Found a corrupted altar of Lugonu.
 49552 | Abyss:2  | Reached skill level 5 in Stealth
 49717 | Abyss:2  | Reached skill level 15 in Air Magic
 49784 | Depths:1 | Escaped the Abyss
 49844 | Depths:1 | Voluntarily entered the Abyss.
 49871 | Abyss:3  | Found a corrupted altar of Lugonu.
 49920 | Abyss:4  | Found a corrupted altar of Lugonu.
 49953 | Abyss:4  | Found a corrupted altar of Lugonu.
 50160 | Abyss:5  | Found a corrupted altar of Lugonu.
 50166 | Abyss:5  | Reached XP level 22. HP: 128/189 MP: 38/40
 50177 | Abyss:5  | Got an abyssal rune of Zot
 50186 | Depths:1 | Escaped the Abyss
 50307 | Depths:1 | You showed the abyssal rune of Zot to enter a treasure
                  | trove
 50308 | Trove    | Entered a treasure trove
 50321 | Trove    | Identified the +12 quick blade "Rumisoh" {drain, Will+
                  | rCorr}
 50322 | Trove    | Identified the +1 shortbow of Hepliaklqana's Whim {drain,
                  | Will++ Int-2}
 50323 | Trove    | Identified the +3 sling of Skirmishing {freeze, Fragile
                  | rPois rN+}
 50325 | Trove    | Identified the +5 war axe of Analysis {heavy, Contam rC-
                  | rCorr Dex+9}
 50326 | Trove    | Identified the +7 quick blade of Propriety {drain, rC-
                  | Str+3 Dex+3}
 50333 | Trove    | Identified the +3 rapier of Grace {flame, rF+ Dex+2}
 51318 | Depths:2 | Noticed an ancient lich
 51318 | Depths:2 | Found a one-way gateway to a ziggurat.
 51660 | Depths:2 | Killed an ancient lich
 51842 | Depths:2 | Reached skill level 10 in Stealth
 51950 | Depths:2 | Found a runed door.
 51983 | Depths:2 | Noticed an ancient lich
 51988 | Depths:2 | Killed an ancient lich
 52070 | Depths:2 | Identified the +0 pair of boots of Distant Worlds {Regen+
                  | Dex+3}
 52214 | Depths:2 | Found the +5 demon whip "Spellbinder" {antimagic, disrupt,
                  | Will+}
 52222 | Depths:2 | Identified the ring "Decrimu" {rF+ Int+7}
 52581 | Depths:2 | Noticed Guam's ghost (adept HOMo)
 52582 | Depths:2 | Found a transporter.
 52582 | Depths:2 | Found a transporter.
 52585 | Depths:2 | Identified the +7 great mace of the Scorned {flame, rN+
                  | Int+6}
 52879 | Depths:2 | Found a one-way gate leading to the halls of Pandemonium.
 52973 | Depths:2 | Killed Guam's ghost
 52976 | Depths:2 | Identified the ring of Pyxzir {rF+ rN++ Will- rCorr SInv}
 53260 | Depths:3 | Found Qemeab's General Store.
 53302 | Depths:3 | Bought a potion of brilliance for 76 gold pieces
 53340 | Depths:3 | Reached skill level 15 in Dodging
 53565 | Depths:3 | Reached XP level 23. HP: 189/196 MP: 36/41
 53629 | Depths:3 | Acquired 917 gold pieces
 54082 | Depths:3 | Reached skill level 20 in Unarmed Combat
 54431 | Depths:4 | Entered Level 4 of the Depths
 54591 | Depths:4 | Reached skill level 15 in Fighting
 55305 | Depths:4 | Reached skill level 21 in Unarmed Combat
 55381 | Depths:4 | Found a gate to the Realm of Zot.
 55430 | Depths:4 | Found Zimeycot's Jewellery Shoppe.
 55430 | Depths:4 | Found Yrrail's Book Boutique.
 55431 | Depths:4 | Found Ynukif's Jewellery Shoppe.
 55437 | Depths:4 | Bought the ring "Gavej" {rC+ rN+ Will+ SInv} for 832 gold
                  | pieces
 55670 | Zot:1    | Entered Level 1 of the Realm of Zot
 55993 | Vaults:5 | Entered Level 5 of the Vaults
 56024 | Vaults:5 | Reached XP level 24. HP: 210/210 MP: 41/41
 56271 | Vaults:5 | Identified the +5 glaive of Skirmishing {heavy, Str-4 Int+3
                  | Dex+3 SInv}
 56309 | Vaults:5 | Got the Papyrus of the Caves
 56344 | Vaults:5 | Identified the amulet "Xuth" {Spirit Dex+2}
 56663 | Vaults:5 | Identified the ring "Ihaniz" {Ice Int+5 SInv}
 56760 | Vaults:5 | Got a silver rune of Zot
 57692 | Zot:1    | Reached skill level 22 in Unarmed Combat
 58373 | Zot:2    | Found a runed translucent gate.
 58373 | Zot:2    | Found a runed translucent gate.
 58373 | Zot:2    | Found a runed translucent gate.
 58374 | Zot:2    | Noticed an orb of fire
 58374 | Zot:2    | Noticed Kialluamm's ghost (veteran DrSu)
 58733 | Zot:4    | Reached XP level 25. HP: 211/223 MP: 22/41
 59177 | Zot:5    | Entered Level 5 of the Realm of Zot
 59675 | Zot:5    | Noticed a dread lich
 59686 | Zot:5    | Killed a dread lich
 60086 | Zot:5    | Noticed a Killer Klown
 60127 | Zot:5    | Noticed an orb of fire
 60130 | Zot:5    | Killed an orb of fire
 60133 | Zot:5    | Noticed an orb of fire
 60135 | Zot:5    | Noticed a Killer Klown
 60135 | Zot:5    | Lost mutation: Your mind is acute. (Int +4, Str/Dex -1) [an
                  | orb of fire]
 60136 | Zot:5    | Noticed an orb of fire
 60141 | Zot:5    | Gained mutation: Your body sometimes deteriorates upon
                  | taking damage. [an orb of fire]
 60142 | Zot:5    | Killed an orb of fire
 60143 | Zot:5    | Reached skill level 23 in Unarmed Combat
 60143 | Zot:5    | Killed a Killer Klown
 60144 | Zot:5    | Killed an orb of fire
 60145 | Zot:5    | Noticed an ancient lich
 60147 | Zot:5    | Killed an ancient lich
 60186 | Zot:5    | Noticed a Killer Klown
 60189 | Zot:5    | Killed a Killer Klown
 60189 | Zot:5    | Noticed a Killer Klown
 60191 | Zot:5    | Noticed an orb of fire
 60193 | Zot:5    | Killed a Killer Klown
 60194 | Zot:5    | Gained mutation: You occasionally lose the ability to drink
                  | potions when taking damage. [an orb of fire]
 60195 | Zot:5    | Killed an orb of fire
 60197 | Zot:5    | Killed a Killer Klown
 60199 | Zot:5    | Noticed a Killer Klown
 60201 | Zot:5    | Killed a Killer Klown
 60216 | Zot:5    | Got the Orb of Zot
 60221 | Zot:5    | Noticed a Killer Klown
 60223 | Zot:5    | Killed a Killer Klown
 60234 | Zot:5    | Noticed a Killer Klown
 60452 | Depths:3 | Noticed Piagenesk the pandemonium lord
 60480 | Depths:3 | Killed Piagenesk the pandemonium lord
 60481 | Depths:3 | Reached skill level 24 in Unarmed Combat
 60481 | Depths:3 | Reached XP level 26. HP: 97/240 MP: 35/41
 60616 | Depths:2 | Noticed Seclifryts the pandemonium lord
 60653 | D:15     | Acquired 648 gold pieces
 61222 | D:$      | Escaped with the Orb!

Illustrated notes

Levels and vault maps discovered:
D:1:      nzn_arrival_depleted_hourglass, layout_rooms,
          shapermc_ecumenical_altar_totnotflames
D:2:      layout_loops_corners, minmay_rat_gold_closets, uniq_sigmund
D:3:      layout_basic, grunt_temple_overflow_open
D:4:      layout_cave_pools, gup_sewer_entry_glass
D:5:      layout_loops_corners, mainiacjoe_overflow_alcove_4
D:6:      layout_loops_ring, serial_shops, nicolae_book_shop_shelving,
          uniq_menkaure, uniq_crazy_yiuf_cottage, uniq_pikel
D:7:      layout_gridville, nicolae_elyvilon_temple_path,
          minmay_temple_entry_statues_pillars
D:8:      layout_basic, nicolae_uskayaw_en_pointe, tgw_fedhas, serial_aquarium,
          aquarium_bridge_square [aquarium_subvault_wall,
          aquarium_subvault_balcony, aquarium_subvault_balcony,
          aquarium_subvault_bridge], aquarium_bridge_square
          [aquarium_subvault_balcony, aquarium_subvault_balcony,
          aquarium_subvault_bridge, aquarium_subvault_bridge],
          aquarium_window_2, aquarium_window_1, aquarium_view_2b,
          aquarium_balcony_3a, aquarium_pool_2, serial_shops, shop_coins,
          corexii_corridor_pit, kennysheep_generic_room_9
D:9:      layout_basic, dpeg_oklobed_lair, serial_ice, serial_ice_g,
          serial_ice_m, serial_ice_a, serial_ice_l, serial_ice_e, serial_ice_c,
          serial_ice_f, serial_ice_h, serial_shops, nicolae_book_shop_shelving
D:10:     layout_roguey, enter_bailey_6, serial_shops, shop, uniq_nergalle,
          uniq_josephine, uniq_gastronok, uniq_erica
D:11:     layout_irregular_city, zombieorc1_lemuel,
          gammafunk_ghost_wrathful_warriors, serial_shops,
          nicolae_shop_mannequins, minmay_misc_feat_pillars
D:12:     layout_loops_ring, onia_ninara_cookie, uniq_sonja
D:13:     layout_loops_ring
D:14:     layout_cave_pools, david_vaults_1, okawaru_ov_weapons_minmay,
          st_stairs_5, uniq_rupert
D:15:     grunt_enter_depths_magical_seal, layout_basic, st_stairs_3,
          minmay_increasing_density
Temple:   regret_index_temple_waves
Lair:1:   layout_cellular_growth, nicolae_lair_grove_arrangements,
          serial_bayou_shore_b, serial_bayou_shore_b, uniq_urug, uniq_grum
Lair:2:   layout_hall_layers, maelrawn_ghost_gauntlet_escape, uniq_harold
Lair:3:   layout_long_grid, nicolae_swamp_entry_splash_gauntlet,
          nicolae_snake_entry_squirm
Lair:4:   layout_loops_ring, slime_entry_1
Lair:5:   evil_forest, layout_layer_cave
Swamp:1:  layout_basic_swamp, evilmike_swamp_ruin_wall, swamp_pool3
Swamp:2:  layout_falls_marsh, nicolae_swamp_ascending_descending_big,
          swamp_pool2, uniq_frances
Swamp:3:  layout_basic_swamp, evilmike_swamp_ruin_house_1
Swamp:4:  swamp_old_school, layout_basic_swamp, ebering_ghost_disaster_area,
          uniq_kirke
Snake:1:  layout_basic, nicolae_snake_flat_spine, minmay_shoptagon, uniq_louise
Snake:2:  cheibrodos_snake_lava_hold, layout_onion_interference, st_stairs_13,
          uniq_aizul
Snake:3:  layout_cave_town, serial_shops, shop, ebering_ghost_reflecting_pool,
          hangedman_snake_corridor_cut
Snake:4:  johnstein_snake_rune_scales, layout_basic
Orc:1:    layout_caves, serial_shops, nicolae_shop_window_shopping,
          statue_in_the_mist_lemuel, nicolae_orc_lava_tube,
          nicolae_orc_flooded_monolith, nicolae_orc_rockfall, uniq_snorg
Orc:2:    st_orc_pillars, layout_diamond_mine, basic_altar, serial_shops,
          nicolae_shop_peninsula, gammafunk_ghost_stat_death
Elf:1:    eino_elf_arrival_sip, layout_geoelf_octagon,
          portal_desolation_entry_holy_temple, serial_shops, shop,
          minmay_elf_sorcery, nicolae_elf_loose_elemental_storage
Elf:2:    elven_hall_of_blades_hangedman_original
          [nicolae_blade_entry_area_security], layout_geoelf_diagonals,
          st_stairs_14
Elf:3:    grunt_elf_hall_asides, layout_gridlike, serial_glass, glass_columns_c,
          glass_columns_a, item_on_display_a, feat_on_display, serial_shops,
          shop, dreamdust_princess_bridge, grunt_ministairs_3,
          einodemon_crawler_minivault
Vaults:1: vaults_dpeg_spiral, vaults_room_octagon,
          nicolae_vaults_security_offices_6, ontoclasm_vaults_misaligned,
          nicolae_vaults_ninety_degrees, ontoclasm_vaults_fault, v_misc_24,
          nicolae_vaults_little_squares_3, v_pattern_5, v_misc_1,
          hangedman_vaults_stretched_pinwheel, vaults_dpeg_ring,
          vaults_room_fours, ontoclasm_vaults_eye,
          nicolae_vaults_surprise_closet, vaults_room_hallway,
          nicolae_vaults_trapezoid_3, layout_vaults_omnicross, serial_shops,
          nicolae_shop_peninsula
Vaults:2: minmay_crypt_entry_simple_sparse, vaults_room_pools,
          hangedman_vaults_stretched_pinwheel,
          nicolae_vaults_offset_grid_hallway_1, vaults_room_corners,
          nicolae_vaults_tetromino_T_1, nicolae_vaults_sightless_eye,
          nicolae_vaults_mini_display_case,
          nicolae_vaults_doubleplus_tesselated, hangedman_vaults_hat,
          nicolae_vaults_sealed_display, nicolae_vaults_tetromino_Z_1,
          layout_vaults_big_room
Vaults:3: v_alt_pattern_1, vaults_room_door_ring,
          nicolae_vaults_layer_cake_slice, nicolae_vaults_little_squares_3,
          vaults_mumra_hex, nicolae_vaults_tetromino_T_2,
          nicolae_vaults_surprise_closet, layout_vaults_quadrants, serial_shops,
          shop, uniq_donald
Vaults:4: mu_enter_wizlab_5, nicolae_vaults_shrinking_rooms_1,
          ontoclasm_vaults_chip, v_misc_2, nicolae_vaults_trapezoid_1,
          nicolae_vaults_hallways_thing, nicolae_vaults_network_periphery,
          v_rooms_1, nicolae_vaults_more_shelving_1, nicolae_vaults_diamond_1,
          nicolae_vaults_little_squares_4, layout_vaults_omnibox, serial_shops,
          shop, uniq_margery
Vaults:5
Depths:1: layout_roguey, minmay_misc_feat_x, hellmouth_3,
          nicolae_trove_entry_columns, abyss_entry, kennysheep_small_square
Depths:2: evilmike_wizard_prison, layout_twisted_cross, enter_ziggurat_c,
          gammafunk_ghost_smash, hell_entry, hellmonk_bongcloud_opening,
          rand_demon_pan_entry_1
Depths:3: minmay_slanted_spiral_squares, layout_gridville,
          hangedman_abyss_entry_splay, serial_shops, nicolae_diamond_shop,
          grunt_pan_entry_spiral, hell_entry, minmay_misc_feat_four_crosses
Depths:4: evilmike_zot_entry_diamond, layout_gridville, grunt_metal_band,
          grunt_megastairs_1, minmay_shop_grove
Zot:1:    layout_basic, grunt_megastairs_5, uniq_tiamat
Zot:2:    layout_cathedral_of_symmetry, gammafunk_ghost_split, st_stairs_10,
          uniq_grunn
Zot:3:    lemuel_draconian_sentries_small, layout_gridlike, st_stairs_12
Zot:4:    layout_misc_corridors
Zot:5:    layout_cellular_growth

Skill      XL: |  1  2  3  4  5  6  7  8  9 10 11 12 13 14 15 16 17 18 19 20 21 22 23 24 25 |
---------------+----------------------------------------------------------------------------+-----
Stealth        | 2 3 7 10 | 10.0
Short Blades   | 1 2 3 4 |  4.0
Fighting       | 2 3 4 6 8 9 10 11 13 14 16 17 20 | 20.5
Spellcasting   | 1 2 5 6 7 8 9 10 11 13 14 | 14.0
Transmutations | 2 3 6 7 8 10 14 15 16 17 18 | 18.0
Unarmed Combat | 1 4 7 8 9 10 12 13 14 15 17 18 19 21 22 24 | 24.1
Translocations | 3 5 6 |  6.0
Evocations     | 5 7 9 11 | 11.0
Dodging        | 6 8 9 11 13 14 15 17 20 21 | 21.0
Air Magic      | 2 5 8 11 13 15 18 | 18.0
Conjurations   | 2 5 8 9 |  9.0

Action                     |  1- 3 |  4- 6 |  7- 9 | 10-12 | 13-15 | 16-18 | 19-21 | 22-24 | 25-27 || total
---------------------------+-------+-------+-------+-------+-------+-------+-------+-------+-------++-------
  Melee: Club              |    51 |       |       |       |       |       |       |       |       ||    51
         Tailslap          |    12 |    10 |    60 |    90 |   119 |   129 |    96 |     5 |    26 ||   547
         Dagger            |    76 |     6 |       |       |       |       |       |       |       ||    82
         Punch             |     3 |     2 |    10 |    23 |    51 |    81 |   121 |   175 |    62 ||   528
         Rapier            |       |   143 |   346 |       |       |       |       |       |       ||   489
         Unarmed           |       |    16 |       |   150 |   703 |   823 |  1163 |  1183 |   315 ||  4353
         Trident           |       |       |    38 |   482 |    70 |    10 |    10 |       |       ||   610
         Bite              |       |       |       |    12 |    80 |    85 |    46 |       |    15 ||   238
         Staff             |       |       |       |       |       |       |    24 |    11 |     7 ||    42
  Throw: Dart              |       |       |     3 |     5 |       |       |       |       |       ||     8
   Cast: Dragon Form       |       |       |       |    14 |    72 |    83 |    51 |       |     3 ||   223
         Manifold Assault  |       |       |       |       |    24 |    70 |   110 |   126 |    34 ||   364
         Lesser Beckoning  |       |       |       |       |       |     5 |    22 |     1 |       ||    28
         Wereblood         |       |       |       |       |       |     2 |    14 |    10 |     1 ||    27
         Passwall          |       |       |       |       |       |       |     4 |       |    25 ||    29
         Storm Form        |       |       |       |       |       |       |    55 |    71 |    18 ||   144
         Blink             |       |       |       |       |       |       |       |       |     1 ||     1
 Invoke: Serpent's Lash    |       |       |       |     1 |     8 |     8 |     8 |     5 |     6 ||    36
         Heavenly Storm    |       |       |       |       |     2 |     3 |     2 |     3 |     1 ||    11
Ability: Breathe Dispellin |       |       |     4 |     3 |     5 |       |     1 |       |       ||    13
         Whirlwind         |       |       |       |    63 |   147 |   131 |   132 |   232 |    60 ||   765
         Lunge             |       |       |       |    16 |    85 |    80 |   122 |    59 |    23 ||   385
         Evoke Blink       |       |       |       |       |       |     1 |       |       |       ||     1
         Wall Jump         |       |       |       |       |       |     3 |     2 |     3 |       ||     8
         Blinkbolt         |       |       |       |       |       |       |     6 |     2 |       ||     8
  Evoke: Wand              |     6 |     9 |    12 |     8 |    11 |     3 |     1 |       |     3 ||    53
         Phial of floods   |       |       |       |       |     1 |     1 |       |       |       ||     2
    Use: Scroll            |       |     4 |     7 |     9 |     5 |    12 |     1 |     3 |     3 ||    44
         Potion            |       |       |     9 |     6 |     2 |     8 |     7 |     4 |    15 ||    51
   Stab: Sleeping          |     3 |    11 |     4 |     6 |     4 |       |     7 |     7 |     1 ||    43
         Distracted        |       |     1 |       |       |     1 |       |     1 |     1 |       ||     4
         Invisible         |       |       |       |       |       |       |     1 |       |       ||     1
 Armour: Skin              |    52 |    90 |   208 |   348 |   354 |   327 |   189 |   166 |    37 ||  1771
  Dodge: Dodged            |   107 |   131 |   275 |   424 |   384 |   394 |   616 |   883 |   181 ||  3395
  Block: Other             |       |       |       |       |       |    13 |       |       |       ||    13
         Reflection        |       |       |       |       |       |     2 |       |       |       ||     2

Table legend: (Time is in decaauts)
 A = Elapsed time spent in this place.
 B = Non-inter-level travel time spent in this place.
 C = Inter-level travel time spent in this place.
 D = Time resting spent in this place.
 E = Time spent auto-exploring this place.
 F = Levels seen in this place.
 G = Mean time per level.
                   A        B        C        D        E       F      G
               +--------+--------+--------+--------+--------+-----+--------+
         Total |  60810 |  56484 |   4326 |  12321 |  28128 |  59 | 1030.7 |
       Dungeon |  20235 |  18468 |   1767 |   4317 |   9309 |  15 | 1349.0 |
        Temple |     64 |     36 |     28 |      0 |      0 |   1 |   64.0 |
          Lair |   6606 |   5874 |    732 |    808 |   3842 |   5 | 1321.2 |
         Swamp |   3678 |   3514 |    164 |    922 |   1663 |   4 |  919.5 |
     Snake Pit |   4926 |   4733 |    193 |    770 |   2920 |   4 | 1231.5 |
  Orcish Mines |   2076 |   1971 |    105 |    335 |   1238 |   2 | 1038.0 |
   Elven Halls |   2944 |   2677 |    267 |    500 |   1261 |   3 |  981.3 |
        Vaults |   7918 |   7437 |    481 |    679 |   4726 |   5 | 1583.6 |
        Depths |   6321 |   5781 |    540 |   2043 |   2095 |   4 | 1580.2 |
           Zot |   2741 |   2697 |     44 |   1218 |    372 |   5 |  548.2 |
         Abyss |    906 |    906 |      0 |     70 |    131 |   6 |  151.0 |
         Trove |     49 |     49 |      0 |      0 |      0 |   1 |   49.0 |
         Sewer |    184 |    184 |      0 |     77 |     25 |   1 |  184.0 |
        Bailey |    386 |    386 |      0 |    121 |      0 |   1 |  386.0 |
        Wizlab |    856 |    856 |      0 |    197 |    261 |   1 |  856.0 |
    Desolation |    913 |    913 |      0 |    263 |    284 |   1 |  913.0 |
               +--------+--------+--------+--------+--------+-----+--------+

Top non-repeatable levels by time:
     D:6: 2116 daAuts
     D:9: 2064 daAuts
Vaults:1: 2062 daAuts
Depths:1: 2018 daAuts
    D:10: 1751 daAuts
    D:15: 1750 daAuts
  Lair:5: 1697 daAuts
Depths:2: 1694 daAuts
Vaults:4: 1580 daAuts
Vaults:2: 1539 daAuts
  Lair:1: 1525 daAuts
    D:14: 1518 daAuts
Vaults:3: 1448 daAuts
 Snake:1: 1424 daAuts
     D:5: 1328 daAuts
